 Seeded DCSS version 0.31-a0-325-g067879e3d3 (webtiles) character file.

Game seed: 6682022821505197 (custom seed)

38567 bmack86 the Severer (level 13, -3/125 HPs)
             Began as a Minotaur Fighter on July 18, 2023.
             Was an Initiate of Gozag.
             Shot with a bolt by a yaktaur (20 damage)
             ... on level 14 of the Dungeon.
             The game lasted 00:45:20 (14858 turns).

bmack86 the Severer (Minotaur Fighter)             Turns: 14858, Time: 00:45:22

Health: -3/125     AC: 31    Str: 25    XL:     13   Next: 64%
Magic:  12/12      EV:  2    Int:  5    God:    Gozag
Gold:   3073       SH: 33    Dex: 11    Spells: 12/12 levels left

rFire   . . .        L - +2 broad axe
rCold   . . .        b - +18 shield of the Gong {Loud rN+ Will+ rCorr EV-5}
rNeg    + . .        A - +0 plate armour
rPois   .            (helmet restricted)
rElec   .            S - +0 cloak
rCorr   +            G - +1 pair of gloves
SInv    .            E - +1 pair of boots
Will    +....        s - amulet of reflection Stlth
                     r - +4 ring of protection
HPRegen 0.40/turn    l - +4 ring of protection
MPRegen 0.13/turn

%: reflection
@: gold aura, slowed, very slow
A: horns 2, retaliatory headbutt
a: Renounce Religion, Potion Petition, Call Merchant, Bribe Branch


You were on level 14 of the Dungeon.
You worshipped Gozag.
Gozag was most pleased with you.
You visited 2 branches of the dungeon, and saw 15 of its levels.
You also visited: Sewer and Ossuary.

You collected 3194 gold pieces.
You paid 121 gold pieces to Gozag.

Inventory:

Hand Weapons
 J - a +3 war axe
 L - a +2 broad axe (weapon)
Missiles
 n - 62 poisoned darts
 w - 3 curare-tipped darts
 y - 3 boomerangs
 F - a throwing net
 R - 2 javelins
Armour
 b - the +18 shield of the Gong (worn) {Loud rN+ Will+ rCorr EV-5}
   (You found it on level 13 of the Dungeon)

   Loud:      It is deafeningly noisy when blocking attacks.
   EV:        It affects your evasion (-5).
   rN:        It protects you from negative energy.
   rCorr:     It protects you from acid and corrosion.
   Will:      It increases your willpower.
 c - a +0 buckler
 j - a scarf of harm
 A - a +0 plate armour (worn)
 E - a +1 pair of boots (worn)
 G - a +1 pair of gloves (worn)
 S - a +0 cloak (worn)
Jewellery
 g - a ring of see invisible
 l - a +4 ring of protection (right hand)
 r - a +4 ring of protection (left hand)
 s - an amulet of reflection (around neck)
 x - a +6 ring of strength
Talismans
 a - a dragon-blood talisman
Wands
 h - a wand of paralysis (7)
 t - a wand of acid (4) (quivered)
 I - a wand of digging (3)
 K - a wand of mindburst (9)
 P - a wand of flame (10)
Scrolls
 o - a scroll of summoning
 u - 6 scrolls of teleportation
 v - 3 scrolls of fog
 M - a scroll of fear
Potions
 d - 2 potions of brilliance
 e - 6 potions of curing
 f - 3 potions of magic
 i - 2 potions of haste
 k - 3 potions of invisibility
 m - 6 potions of resistance
 p - 2 potions of might
 z - 4 potions of lignification
 C - a potion of attraction {unknown}
 D - 3 potions of mutation {unknown}
 H - 2 potions of cancellation
 Q - a potion of experience {unknown}


   Skills:
 + Level 14.8 Fighting
 - Level 18.0 Axes
 + Level 14.7 Armour
 + Level 9.2 Shields


You had 12 spell levels left.
You didn't know any spells.
Your spell library contained the following spells:

 Spells                   Type           Power      Damage    Failure   Level
 Kiss of Death            Conj/Necr      0%         2d5       100%        1
 Magic Dart               Conj           0%         1d3       100%        1
 Slow                     Hex            0%         N/A       100%        1
 Sting                    Tmut/Pois      0%         1d3       100%        1
 Blink                    Tloc           0%         N/A       100%        2
 Call Imp                 Summ           0%         N/A       100%        2
 Cigotuvi's Dreadful Rot  Necr/Pois/Air  0%         N/A       100%        2
 Lesser Beckoning         Tloc           0%         N/A       100%        2
 Momentum Strike          Conj/Tloc      0%         3d8       100%        2
 Poisonous Vapours        Pois/Air       0%         N/A       100%        2
 Confusing Touch          Hex            0%         N/A       100%        3
 Hailstorm                Conj/Ice       0%         3d3       100%        3
 Ignite Poison            Fire/Tmut/Pois 0%         N/A       100%        3
 Mephitic Cloud           Conj/Pois/Air  0%         N/A       100%        3
 Ozocubu's Armour         Ice            0%         N/A       100%        3
 Vampiric Draining        Necr           0%         2d6       100%        3
 Vhi's Electric Charge    Tloc/Air       0%         N/A       100%        3
 Dispel Undead            Necr           0%         3d6       100%        4
 Olgreb's Toxic Radiance  Pois           0%         N/A       100%        4
 Sticky Flame             Conj/Fire      0%         2d3       100%        4
 Summon Ice Beast         Ice/Summ       0%         N/A       100%        4
 Arcjolt                  Conj/Air       0%         1d10      100%        5
 Metabolic Englaciation   Hex/Ice        0%         N/A       100%        5
 Death Channel            Necr           0%         N/A       100%        6
 Ignition                 Fire           0%         3d3       100%        8
 Maxwell's Capacitive Co  Air            0%         ∞         100%        8
 Simulacrum               Ice/Necr       Unusable   N/A       N/A         6

Dungeon Overview and Level Annotations

Branches:
Dungeon (14/15)            Temple (1/1) D:6            Lair (0/5) D:10
    Orc (0/2) D:11          Sewer (visited)         Ossuary (visited)
 Vaults: D:13-14

Altars:
Ashenzari
Cheibriados
Dithmenos
Elyvilon
Fedhas
Gozag
Hepliaklqana
Kikubaaqudgha
Makhleb
Nemelex Xobeh
Okawaru
Qazlal
Ru
Sif Muna
Trog
Uskayaw
Vehumet
Wu Jian
Xom
Yredelemnul
Zin
The Shining One

Shops:
D:3 :   D:9 :

Annotations:
D:10 1 runed translucent door, salammoniac's ghost, novice FeSh
D:12 2 transporters, Muralos's ghost, adept DrAE


Innate Abilities, Weirdness & Mutations

You have a pair of horns on your head.
You reflexively headbutt those who attack you in melee.


Message History

You destroy the vampire!
The yaktaur shoots a bolt.
The bolt hits you!
Unknown command.
The deep elf archer shoots an arrow.
GONNNNG!
You block the arrow with an invisible shield... and reflect it back!
The arrow barely misses the deep elf archer.
The yaktaur shoots a bolt.
SHROANNG!
You block the bolt with an invisible shield... and reflect it back!
The bolt hits the yaktaur!
The yaktaur shoots a bolt.
The bolt hits you!
* * * LOW HITPOINT WARNING * * *
The deep elf archer shoots an arrow.
The arrow completely misses you.
You see here 6 gold pieces.
The deep elf archer shoots an arrow.
GONNNNG!
You block the arrow with an invisible shield... and reflect it back!
The arrow barely misses the deep elf archer.
The yaktaur shoots a bolt.
The bolt hits you!
* * * LOW HITPOINT WARNING * * *
The yaktaur shoots a bolt.
GONNNNG!
You block the bolt with an invisible shield... and reflect it back!
The bolt hits the yaktaur!!
The deep elf archer casts a spell at you.
You resist with almost no effort.
The deep elf archer shoots an arrow.
GONNNNG!
You block the arrow with an invisible shield... and reflect it back!
The arrow completely misses the deep elf archer.
The yaktaur shoots a bolt.
The bolt hits you.
* * * LOW HITPOINT WARNING * * *
You hear a shout!
The deep elf archer shoots an arrow.
BOUMMMMG!
You block the arrow with an invisible shield... and reflect it back!
The arrow hits the deep elf archer!!
You kill the deep elf archer!
The yaktaur shoots a bolt.
The bolt hits you!!
You die...
Your body crumbles into a pile of gold.

)......##...# #...# .#
.......##.).# #...# ..#
.......##...# #.$$# ...#
.......###o$###''$###c.##
.......)≈≈≈≈≈≈~..$~≈≈≈≈≈≈
#######.~≈≈≈≈≈~.$.~≈≈≈≈≈$
#.......~≈≈≈~~...~≈≈≈≈~.
#........†~~~.....~~~~.#
#..............@.......#
#...........#..........#
#...........#..........#
#...........#..........#
#...........#..........#
#...###...###...>......#
#... #...# ############
.... ....#


You could see an orc knight and a yaktaur.

Vanquished Creatures
  Kirke (D:14)
  2 vault guards (D:14)
  A catoblepas (D:14)
  3 boulder beetles
  8 centaur warriors
  4 two-headed ogres
  3 death yaks (D:10)
  A tengu warrior (D:14)
  Pikel (D:6)
  A deep elf archer (D:14)
  An obsidian statue (D:13)
  A deep elf pyromancer (D:12)
  An ugly thing (D:13)
  An orc sorcerer (D:14)
  A wizard (D:14)
  2 manticores
  3 cyclopes (D:14)
  A centaur zombie (D:11)
  4 unseen horrors
  3 kobold demonologists
  A freezing wraith (D:14)
  A yaktaur (D:14)
  3 tengu conjurers (D:14)
  5 trolls
  2 hornets
  A jumping spider (shapeshifter) (D:13)
  A meliai zombie (D:11)
  Sigmund (D:3)
  16 slime creatures
  5 water elementals (D:13)
  A vampire (D:14)
  5 wraiths
  5 wyverns
  A shadow (D:10)
  17 yaks
  2 steam dragons (D:8)
  5 vampire mosquitoes
  2 acid dragons
  Menkaure (D:7)
  Edmund (D:4)
  4 water moccasins
  2 ice beasts
  6 orc warriors
  3 black bears
  4 centaurs
  An ogre (D:7)
  A phantom (D:5)
  11 kobold brigands
  A bullfrog (D:6)
  A gnoll sergeant (D:11)
  2 water moccasin zombies (Ossuary)
  2 scorpions
  18 wights
  10 killer bees
  5 howler monkeys
  An electric eel (D:13)
  3 vampire bats (D:14)
  A jelly (D:7)
  2 gnoll boudas
  12 orc priests
  A sleepcap (D:6)
  2 hell rats (D:10)
  3 iguanas
  7 orc wizards
  2 mummies (Ossuary)
  11 gnolls
  4 adders
  8 river rats
  An ufetubus (D:2)
  3 adder zombies (Ossuary)
  4 worms
  4 dart slugs
  28 orcs
  16 ball pythons
  8 bats
  3 bat skeletons (D:14)
  4 bat zombies (D:14)
  9 endoplasms
  5 giant cockroaches
  4 gnoll zombies (Ossuary)
  6 hobgoblins
  34 kobolds
  4 quokkas
  3 frilled lizards
  8 goblins
  4 hobgoblin zombies (Ossuary)
  7 kobold zombies (Ossuary)
  4 orc zombies (Ossuary)
  24 rats
430 creatures vanquished.

Vanquished Creatures (collateral kills)
  A ball python (D:4)
1 creature vanquished.

Vanquished Creatures (others)
  A human (D:14)
  2 kobolds (D:8)
3 creatures vanquished.

Grand Total: 434 creatures vanquished

Notes
Turn   | Place    | Note
-------+----------+-------------------------------------------
     0 | D:1      | bmack86 the Minotaur Fighter began the quest for the Orb.
     0 | D:1      | Reached XP level 1. HP: 19/19 MP: 0/0
    84 | D:1      | Reached skill level 3 in Axes
   102 | D:1      | Reached XP level 2. HP: 23/26 MP: 1/1
   277 | D:1      | Reached skill level 4 in Axes
   411 | D:1      | Reached XP level 3. HP: 25/31 MP: 2/2
   905 | D:2      | Reached skill level 5 in Axes
  1303 | D:3      | Found a blossoming altar of Fedhas.
  1361 | D:3      | Reached XP level 4. HP: 38/39 MP: 3/3
  1375 | D:3      | Found a faded altar of an unknown god.
  1380 | D:3      | Got Plato's Atlas of Forces
  1730 | D:3      | Noticed Sigmund
  1734 | D:3      | Killed Sigmund
  1735 | D:3      | Reached skill level 7 in Axes
  1735 | D:3      | Reached XP level 5. HP: 45/45 MP: 4/4
  1772 | D:3      | Found Wydic's Book Emporium.
  1804 | D:3      | Reached XP level 6. HP: 51/51 MP: 5/5
  1929 | D:3      | Reached skill level 8 in Axes
  1943 | D:3      | Reached skill level 9 in Axes
  2269 | D:4      | Found a glowing drain.
  2288 | Sewer    | Entered a sewer
  2304 | Sewer    | Reached XP level 7. HP: 55/57 MP: 6/6
  2607 | Sewer    | Reached skill level 10 in Axes
  3088 | D:4      | Noticed Edmund
  3103 | D:4      | Killed Edmund
  3104 | D:4      | Reached skill level 11 in Axes
  3380 | D:5      | Entered Level 5 of the Dungeon
  3397 | D:5      | Found a sand-covered staircase.
  3434 | Ossuary  | Entered an ossuary
  3493 | Ossuary  | Reached XP level 8. HP: 57/64 MP: 7/7
  3756 | D:5      | Reached skill level 12 in Axes
  4337 | D:5      | Reached skill level 13 in Axes
  4509 | D:6      | Noticed Pikel
  4518 | D:6      | Killed Pikel
  4519 | D:6      | Reached skill level 14 in Axes
  4519 | D:6      | Reached XP level 9. HP: 57/70 MP: 8/8
  4788 | D:6      | Found a burning altar of Makhleb.
  4791 | D:6      | Found an ancient bone altar of Kikubaaqudgha.
  4791 | D:6      | Found a basalt altar of Yredelemnul.
  4792 | D:6      | Found a stormy altar of Qazlal.
  5013 | D:6      | Found a staircase to the Ecumenical Temple.
  5023 | Temple   | Entered the Ecumenical Temple
  5039 | Temple   | Became a worshipper of Gozag Ym Sagoz the Greedy
  5363 | D:6      | Reached skill level 15 in Axes
  5703 | D:7      | Reached skill level 16 in Axes
  6080 | D:7      | Found a snail-covered altar of Cheibriados.
  6090 | D:7      | Found a shimmering altar of Xom.
  6240 | D:7      | Noticed Menkaure
  6250 | D:7      | Killed Menkaure
  6333 | D:8      | Reached XP level 10. HP: 38/73 MP: 9/9
  6470 | D:8      | Reached skill level 17 in Axes
  7334 | D:8      | Reached skill level 18 in Axes
  7364 | D:8      | Paralysed by a hornet for 2 turns
  7747 | D:9      | Reached skill level 5 in Fighting
  7747 | D:9      | Reached skill level 5 in Armour
  7858 | D:9      | Found Kont's Book Shoppe.
  8093 | D:9      | Reached XP level 11. HP: 73/92 MP: 10/10
  8172 | D:9      | Noticed a two-headed ogre
  8180 | D:9      | Killed a two-headed ogre
  8270 | D:9      | Found a glowing silver altar of Zin.
  8728 | D:10     | Entered Level 10 of the Dungeon
  8818 | D:10     | Found a runed translucent door.
  8819 | D:10     | Noticed a stone giant
  8819 | D:10     | Noticed salammoniac's ghost (novice FeSh)
  9016 | D:10     | Noticed a death yak
  9020 | D:10     | Noticed a death yak
  9035 | D:10     | Killed a death yak
  9046 | D:10     | Noticed a death yak
  9055 | D:10     | Killed a death yak
  9070 | D:10     | Killed a death yak
  9426 | D:10     | Found a staircase to the Lair.
  9651 | D:10     | Noticed a two-headed ogre
  9656 | D:10     | Killed a two-headed ogre
  9657 | D:10     | Reached skill level 10 in Fighting
  9657 | D:10     | Reached skill level 10 in Armour
  9858 | D:11     | Noticed a sun demon
 10297 | D:11     | Reached XP level 12. HP: 87/110 MP: 11/11
 10692 | D:11     | Noticed a two-headed ogre
 10699 | D:11     | Killed a two-headed ogre
 10988 | D:11     | Noticed a centaur warrior
 11000 | D:11     | Killed a centaur warrior
 11158 | D:11     | Found a staircase to the Orcish Mines.
 11248 | D:11     | Found a basalt altar of Yredelemnul.
 11697 | D:12     | Found a broken altar of Ashenzari.
 12039 | D:12     | Noticed a two-headed ogre
 12058 | D:12     | Killed a two-headed ogre
 12337 | D:12     | Found a bloodstained altar of Trog.
 12337 | D:12     | Noticed Muralos's ghost (adept DrAE)
 12338 | D:12     | Found a transporter.
 12344 | D:12     | Found a transporter.
 12348 | D:12     | Noticed a tengu warrior
 12501 | D:12     | Reached skill level 5 in Shields
 12851 | D:13     | Noticed a boulder beetle
 12874 | D:13     | Killed a boulder beetle
 12938 | D:13     | Noticed a centaur warrior
 12945 | D:13     | Killed a centaur warrior
 12998 | D:13     | Noticed a centaur warrior
 13008 | D:13     | Killed a centaur warrior
 13257 | D:13     | Found the +18 shield of the Gong {Loud rN+ Will+ rCorr
                  | EV-5}
 13273 | D:13     | Noticed a centaur warrior
 13289 | D:13     | Killed a centaur warrior
 13290 | D:13     | Reached XP level 13. HP: 101/122 MP: 12/12
 14231 | D:14     | Found a shimmering altar of Xom.
 14231 | D:14     | Found a shimmering altar of Xom.
 14235 | D:14     | Found a shimmering altar of Xom.
 14235 | D:14     | Found a shimmering altar of Xom.
 14235 | D:14     | Found a shimmering altar of Xom.
 14239 | D:14     | Found a shimmering altar of Xom.
 14239 | D:14     | Found a shimmering altar of Xom.
 14474 | D:14     | Noticed Kirke
 14486 | D:14     | Killed Kirke
 14506 | D:14     | Found an ancient bone altar of Kikubaaqudgha.
 14858 | D:14     | Shot with a bolt by a yaktaur

Illustrated notes

Levels and vault maps discovered:
D:1:      dpeg_arrival_shelter, layout_rooms
D:2:      layout_basic, serial_curves, eino_curves_02, eino_curves_01
D:3:      layout_basic, mainiacjoe_overflow_six_doors_small, serial_shops,
          nicolae_book_shop_shelving, shapermc_ecumenical_altar_rom_forum,
          uniq_sigmund
D:4:      layout_rooms, portal_sewer_entry_b, nrook_campfire,
          minmay_misc_feat_x, uniq_edmund
D:5:      layout_basic, nicolae_ossuary_entry_ruins
D:6:      layout_loops_cross, grunt_temple_overflow_open, temple_fountains,
          uniq_pikel
D:7:      layout_basic, mainiacjoe_overflow_large_starburst, uniq_menkaure
D:8:      layout_gridville, st_stairs_11, minmay_quadrilaterals
D:9:      layout_irregular_city, general_overflow_altar, nicolae_stop_n_shop_2
D:10:     layout_irregular_city, dpeg_lair_monsters, ebering_ghost_inner_flame
D:11:     layout_basic, david_orc_4, lemuel_zombie_altar_yredelemnul
D:12:     layout_gridville, gammafunk_ghost_wrathful_warriors,
          evilmike_ruin_ashenzari
D:13:     layout_basic, minivault_15
D:14:     layout_stronghold, grunt_vaults_entry_fortified,
          gammafunk_ghost_cemetery, nicolae_xom_altar_mimics,
          serial_bayou_pond_b, kennysheep_vampire_church, uniq_kirke
Temple:   nicolae_temple_two_arcs

Skill      XL: |  1  2  3  4  5  6  7  8  9 10 11 12 13 |
---------------+----------------------------------------+-----
Axes           | 3 4 5 7 9 11 14 16 18 | 18.0
Fighting       | 7 11 13 14 | 14.8
Armour         | 7 11 13 14 | 14.7
Shields        | 6 9 |  9.2

Action                     |  1- 3 |  4- 6 |  7- 9 | 10-12 | 13-15 || total
---------------------------+-------+-------+-------+-------+-------++-------
  Melee: War axe           |   104 |    50 |   304 |    57 |       ||   515
         Headbutt          |    13 |     7 |    53 |   122 |    43 ||   238
         Broad axe         |       |       |       |   498 |   118 ||   616
  Throw: Boomerang         |       |       |     4 |       |       ||     4
  Evoke: Wand              |       |     3 |     2 |    15 |     6 ||    26
    Use: Scroll            |     3 |     4 |     9 |    10 |     1 ||    27
         Potion            |       |     1 |     1 |     7 |     2 ||    11
   Stab: Distracted        |       |       |     1 |     2 |     1 ||     4
 Armour: Scale mail        |    52 |       |       |       |       ||    52
         Chain mail        |    11 |    11 |    48 |       |       ||    70
         Plate armour      |       |       |    80 |   305 |    36 ||   421
  Dodge: Dodged            |    41 |    14 |    89 |   130 |     7 ||   281
  Block: Buckler           |    33 |    24 |   137 |   244 |     4 ||   442
         Reflection        |       |     1 |     6 |    17 |    41 ||    65
         Kite shield       |       |       |       |       |   171 ||   171

Table legend: (Time is in decaauts)
 A = Elapsed time spent in this place.
 B = Non-inter-level travel time spent in this place.
 C = Inter-level travel time spent in this place.
 D = Time resting spent in this place.
 E = Time spent auto-exploring this place.
 F = Levels seen in this place.
 G = Mean time per level.
                   A        B        C        D        E       F      G
               +--------+--------+--------+--------+--------+-----+--------+
         Total |  14763 |  14379 |    384 |    458 |   9397 |  17 |  868.4 |
       Dungeon |  14009 |  13625 |    384 |    458 |   9137 |  14 | 1000.6 |
        Temple |     44 |     44 |      0 |      0 |      0 |   1 |   44.0 |
         Sewer |    548 |    548 |      0 |      0 |    260 |   1 |  548.0 |
       Ossuary |    160 |    160 |      0 |      0 |      0 |   1 |  160.0 |
               +--------+--------+--------+--------+--------+-----+--------+

Top non-repeatable levels by time:
    D:11: 1765 daAuts
     D:8: 1392 daAuts
    D:13: 1210 daAuts
    D:12: 1135 daAuts
     D:3: 1067 daAuts
    D:10: 1062 daAuts
     D:9: 977 daAuts
     D:5: 957 daAuts
     D:6: 946 daAuts
    D:14: 856 daAuts
     D:7: 798 daAuts
     D:4: 652 daAuts
     D:2: 616 daAuts
     D:1: 572 daAuts
   Sewer: 548 daAuts
